Map: Blackpink LE

Players

Noctis

  • Race: Protoss Protoss
  • League: Diamond
  • Spawn Location: 7:00

Graveyard - Winner!

  • Race: Zerg Zerg
  • League: Diamond
  • Spawn Location: 1:00

VOD

Have the link to the VOD?

Description

Time

  • Played on: April 28, 2018, 1:20 a.m.
  • Length: 10:45
Show
View Real Time Build Order
Export as new Build Order

Noctis Protoss 

Build Orders: 1 Gate Expand 

Get SALT Encoding   

  12  0:08  Probe  
  13  0:14  Pylon  
  13  0:20  Probe  
  14  0:34  Gateway  
  14  0:40  Probe  
  14  0:41  Gateway  
  14  0:48  Probe  
  16  0:58  Probe  
  17  1:20  Nexus  
  17  1:27  Assimilator  
  17  1:42  Cybernetics Core  
  17  1:45  Probe, Pylon  
  18  1:54  Probe  
  18  1:58  Assimilator  
  19  2:02  Probe  
  20  2:12  Probe  
  21  2:17  Stalker  
  21  2:22  Shield Battery  
  23  2:39  Sentry, Gateway  
  25  3:01  Warp Gate  
  25  3:03  Probe x2  
  27  3:12  Twilight Council  
  27  3:15  Probe  
  27  3:18  Pylon  
  28  3:27  Probe  
  28  3:31  Sentry  
  28  3:34  Probe  
  32  3:39  Probe  
  33  3:46  Probe  
  34  3:49  Charge  
  34  3:51  Probe  
  35  3:58  Probe  
  36  4:03  Probe  
  37  4:11  Probe x2  
  37  4:13  Robotics Facility  
  39  4:19  Probe x2  
  40  4:27  Probe, Gateway  
  40  4:30  Probe  
  40  4:31  Gateway  
  42  4:44  Gateway  
  42  4:47  Gateway  
  42  4:51  Gateway  
  42  4:53  Warp Prism  
  44  5:13  Probe  
  45  5:20  Gateway  
  45  5:25  Probe  
  45  5:26  Pylon x2  
  46  5:30  Assimilator  
  46  5:48  Pylon  
  46  5:50  Assimilator  
  46  5:58  Templar Archives  
  46  6:00  Zealot x4  
  46  6:01  Zealot x3  
  54  6:21  Zealot x6  
  54  6:22  Zealot  
  54  6:47  Zealot x4  
  54  6:48  Zealot x2  
  64  6:56  Warp Prism  
  52  7:26  Probe x2  
  46  7:38  Probe  
  46  7:39  Probe  
  48  7:45  Forge  
  48  7:48  Gateway  
  48  7:50  Probe  
  48  7:51  Probe  
  50  7:53  Forge  
  50  7:55  High Templar  
  50  7:56  High Templar x4  
  50  7:57  High Templar  
  62  8:00  Archon x2  
  62  8:01  Archon  
  62  8:02  High Templar, Probe  
  62  8:03  High Templar, Probe  
  68  8:07  Archon  
  68  8:14  Probe  
  69  8:26  Probe  
  70  8:28  Zealot  
  70  8:29  Zealot x3  
  78  8:43  Pylon  
  76  9:00  Zealot  
  78  9:05  Psionic Storm  
  78  9:07  Nexus  
  78  9:09  Zealot x2  
  82  9:10  Zealot  
  83  9:25  Pylon  
  83  9:29  Pylon  
  83  9:32  Pylon  
  83  9:35  Pylon  
  83  9:36  Zealot  
  85  10:08  Zealot x3  
  85  10:13  Zealot  
  85  10:14  Zealot x2  
  85  10:15  Zealot x3  
  87  10:29  High Templar x3  
Show
View Real Time Build Order
Export as new Build Order

Graveyard Zerg - Winner!

Build Orders: Hatch First 

Get SALT Encoding   

  12  0:00  Drone  
  13  0:13  Overlord  
  13  0:18  Drone  
  14  0:32  Drone x2  
  14  0:35  Drone  
  17  0:52  Hatchery  
  17  0:55  Drone  
  17  0:59  Drone  
  18  1:13  Extractor  
  18  1:15  Spawning Pool  
  16  1:25  Drone x2  
  18  1:28  Drone  
  19  1:46  Drone  
  20  2:03  Overlord  
  20  2:04  Queen  
  20  2:05  Queen  
  20  2:06  Zergling x4  
  26  2:16  Drone x2  
  28  2:26  Drone x2  
  28  2:29  Metabolic Boost  
  30  2:35  Drone  
  31  2:47  Hatchery  
  31  2:48  Queen  
  32  2:51  Drone  
  32  2:52  Drone  
  33  3:08  Overlord  
  33  3:09  Overlord  
  33  3:10  Drone x2  
  35  3:28  Drone x5  
  35  3:31  Spore Crawler  
  35  3:33  Drone x2  
  41  3:44  Spore Crawler  
  41  3:45  Drone x2  
  42  3:53  Zergling x2  
  43  4:02  Extractor, Lair  
  42  4:04  Drone x8  
  42  4:08  Extractor  
  49  4:10  Queen  
  51  4:25  Zergling x12  
  57  4:32  Overlord x3, Extractor  
  57  4:33  Drone x2  
  57  4:35  Overlord x2  
  58  4:39  Overlord  
  58  4:52  Zergling x2  
  59  5:00  Spore Crawler  
  58  5:18  Spore Crawler  
  58  5:19  Drone x4  
  58  5:20  Drone x7  
  68  5:30  Baneling Nest  
  68  5:34  Hydralisk Den  
  68  5:35  Zergling x12  
  72  5:40  Evolution Chamber  
  72  5:42  Evolution Chamber  
  70  5:49  Drone x5  
  75  5:55  Drone x2  
  77  6:01  Queen x3  
  83  6:06  Zergling x10  
  83  6:07  Zergling x6  
  81  6:22  Zergling x8  
  81  6:25  Zergling x4  
  81  6:26  Spine Crawler  
  81  6:27  Zergling x4  
  81  6:30  Zergling x2  
  82  6:36  Queen x2  
  82  6:38  Queen  
  82  6:41  Zergling x10  
  85  6:51  Zergling x4  
  78  7:03  Zergling x12  
  78  7:08  Zergling x4  
  77  7:12  Queen  
  76  7:24  Zergling x8  
  79  7:32  Queen  
  79  7:35  Hydralisk x3  
  85  7:45  Hydralisk x2  
  85  7:46  Hydralisk x2  
  85  7:48  Queen  
  85  7:49  Drone x3  
  85  7:50  Extractor  
  97  7:57  Drone x2  
  97  7:58  Drone x3, Spine Crawler  
  101  8:06  Drone x3  
  104  8:19  Hatchery  
  103  8:20  Hydralisk  
  103  8:23  Overlord x4  
  105  8:32  Extractor, Hatchery  
  105  8:33  Queen  
  105  8:35  Overlord  
  105  8:36  Overlord x6  
  104  8:41  Hydralisk x3  
  104  8:46  Zerg Missile Weapons Level 1, Zerg Ground Armor Level 1  
  106  8:59  Hydralisk x6  
  115  9:07  Hydralisk x3  
  121  9:14  Grooved Spines  
  121  9:17  Drone x3  
  124  9:47  Hydralisk x4  
  124  9:49  Zergling x16  
  124  9:50  Zergling x4  
  141  10:01  Hydralisk x7  
  142  10:20  Hydralisk x8  
Tags
 
Add a new tag
Caveats
  • Supply blocks, unpowered buildings, or Contaminate may cause inaccurate times.
  • Supply counts are checked every 10 seconds.